AoeStats
← RappeGol

Arabia

506992755Analyzed
1v1 RM · 17d ago on Sep 16, 2026· 55m 57s· 2 players
Game mode
Random Map
Map size
Tiny (2 player)
Population
200
Speed
Normal
Resources
Standard
Victory
Conquest
Starting age
Dark Age
Ending age
Imperial Age
RankedLock teamsTeams togetherTeam positionsShared explorationLock speedFull tech treeHidden civsTurbo modeCheats
Victory
Defeat
🇵🇱 Georgians · Poland
1239
+19
🇦🇷 Poles · Argentina
1300
-19
Blak San
6:13 Loom
8:35 Feudal Age
9:04 Double-Bit Axe
10:38 Horse Collar
11:50 Wheelbarrow
20:50 Castle Age
19:55 Fletching
20:18 Bloodlines
21:18 Gold Mining
22:31 Bow Saw
22:39 Bodkin Arrow
27:57 Sanctity
27:53 Heavy Plow
27:45 Stone Mining
30:07 Ballistics
29:53 Squires
29:57 Husbandry
35:10 Imperial Age
33:32 Padded Archer Armor
33:39 Scale Barding Armor
34:14 Svan Towers
34:21 Masonry
33:39 Light Cavalry
34:10 Pikeman
34:51 Squires
34:53 Scale Mail Armor
35:56 Bracer
36:39 Siege Engineers
37:39 Chain Mail Armor
39:19 Halberdier
41:04 Architecture
41:16 Plate Mail Armor
42:46 Chemistry
46:15 Leather Archer Armor
46:11 Forging
49:18 Iron Casting
49:03 Chain Barding Armor
48:05 Hussar
53:36 Conscription
55:40 Aznauri Cavalry
RappeGol
6:45 Loom
9:31 Feudal Age
10:07 Double-Bit Axe
14:15 Horse Collar
19:37 Castle Age
18:13 Gold Mining
19:42 Bloodlines
19:39 Scale Barding Armor
20:44 Bow Saw
26:23 Husbandry
26:36 Stone Mining
26:48 Heavy Plow
31:40 Chain Barding Armor
34:16 Imperial Age
32:29 Wheelbarrow
33:32 Stone Shaft Mining
34:13 Szlachta Privileges
35:02 Forging
34:21 Cavalier
36:12 Crop Rotation
39:40 Man-at-Arms
40:21 Squires
40:06 Arson
40:04 Light Cavalry
40:55 Scale Mail Armor
40:58 Long Swordsman
42:31 Chain Mail Armor
42:56 Two-Handed Swordsman
45:14 Champion
54:27 Plate Mail Armor
54:33 Iron Casting
53:25 Pikeman
Connection lost

Rejoining the realm…

Still unreachable

The connection could not be restored.

Session expired

The server has moved on; the page needs a fresh start.